 Dungeon Crawl Stone Soup version 0.27-a0-951-gae3e1deef5 (webtiles) character file.

Game seed: 14813641404716617884

199 shoop the Ruffian (level 5, 0/40 HPs)
             Began as a Demigod Transmuter on Apr 11, 2021.
             Slain by an ogre
             ... wielding a +0 giant club
              (20 damage)
             ... on level 4 of the Dungeon.
             The game lasted 00:08:08 (4252 turns).

shoop the Ruffian (Demigod Transmuter)              Turns: 4252, Time: 00:08:09

Health: 0/40       AC:  7    Str: 15    XL:     5   Next: 23%
Magic:  8/10       EV: 11    Int: 15    God:
Gold:   70         SH:  0    Dex: 14    Spells: 2/8 levels left

rFire    . . .     SeeInvis .     - Unarmed
rCold    + . .     Faith    .   (no shield)
rNeg     . . .     Spirit   .   j - +2 ring mail {rC+}
rPois    .         Reflect  .   (helmet currently unavailable)
rElec    .         Harm     .   (no cloak)
rCorr    .         Rampage  .   (no gloves)
Will     .....                  (boots currently unavailable)
Stlth    +.........             (no amulet)
HPRegen  0.13/turn              (no ring)
MPRegen  0.12/turn              (no ring)

@: appendages (expiring)
A: horns 2, talons 2, high mp 1, forlorn
a: End Transformation


You were on level 4 of the Dungeon.
You had temporarily grown beastly horns and talons.
You visited 1 branch of the dungeon, and saw 4 of its levels.

You collected 70 gold pieces.

Inventory:

Missiles
 m - a throwing net
Armour
 a - a +0 robe
 b - a +0 leather armour
 j - a +2 ring mail of cold resistance (worn)
Scrolls
 c - 2 scrolls of identify {unknown}
 d - 2 scrolls of amnesia {unknown}
 e - a scroll of noise {unknown}
 f - a scroll of vulnerability {unknown}
 g - 2 scrolls of teleportation {unknown}
 l - a scroll of fog {unknown}
 o - a scroll of holy word {unknown}
Potions
 h - a potion of might {unknown}
 i - a potion of brilliance {unknown}
 k - a potion of flight {unknown}
 n - a potion of cancellation {unknown}
 p - a potion of berserk rage {unknown}
 q - a potion of heal wounds


   Skills:
 - Level 1.0 Fighting
 - Level 2.0 Dodging
 - Level 1.5 Stealth
 * Level 4.6 Unarmed Combat
 - Level 2.0 Spellcasting
 + Level 2.2 Transmutations
 + Level 1.7 Poison Magic


You had 2 spell levels left.
You knew the following spells:

 Your Spells              Type           Power      Damage    Failure   Level
a - Spider Form           Tmut/Pois      3%         N/A       52%         3
b - Blink                 Tloc           N/A        N/A       54%         2
c - Beastly Appendage     Tmut           16%        N/A       19%         1

Your spell library contained the following spells:

 Spells                   Type           Power      Damage    Failure   Level
 Wereblood                Tmut           8%         N/A       26%         2
 Magic Dart               Conj           4%         1d3       41%         1
 Call Imp                 Summ           1%         N/A       54%         2
 Slow                     Hex            1%         N/A       54%         2
 Mephitic Cloud           Conj/Pois/Air  3%         N/A       71%         3
 Confusing Touch          Hex            1%         N/A       78%         3
 Conjure Flame            Conj/Fire      1%         6-21      78%         3
 Gell's Gravitas          Tloc           0%         N/A       78%         3
 Static Discharge         Conj/Air       1%         N/A       78%         3
 Ice Form                 Ice/Tmut       4%         N/A       95%         4
 Petrify                  Tmut/Erth      4%         N/A       95%         4
 Hydra Form               Tmut           4%         N/A       99%         5
 Lightning Bolt           Conj/Air       0%         1d11      100%        5
 Metabolic Englaciation   Hex/Ice        0%         N/A       100%        5
 Yara's Violent Unravell  Hex/Tmut       2%         3d3       100%        5
 Ignition                 Fire           0%         3d3       100%        8
 Shatter                  Erth           0%         3d5*      100%        9
 Tornado                  Air            0%         N/A       100%        9


Dungeon Overview and Level Annotations

Branches:
Dungeon (4/15)
 Temple: D:4-7

Shops:
D:3 (

Annotations:
D:2 exclusion: ogre
D:3 Grinder, Terence


Innate Abilities, Weirdness & Mutations

You have temporarily grown beastly horns and talons.
Your attributes grow dramatically as you level up.
You have an increased reservoir of magic. (+10% MP)
You shall have no god before yourself.


Message History

Casting: Beastly Appendage (safe; 19% risk of failure)
Confirm with . or Enter, or press ? or * to list all spells.
Okay, then.
Unknown command.
Unknown command.
Unknown command.
Casting: Beastly Appendage (safe; 19% risk of failure)
Confirm with . or Enter, or press ? or * to list all spells.
You miscast Beastly Appendage.
You are very lightly contaminated with residual magic.
Nothing appears to happen.
Casting: Beastly Appendage (safe; 19% risk of failure)
Confirm with . or Enter, or press ? or * to list all spells.
You grow a pair of large bovine horns.
Your feet morph into talons.
You hit the ogre.
The ogre is lightly wounded.
The ogre hits you with a +0 giant club!!
Ouch! That really hurt!
You are too injured to fight recklessly!
You hit the ogre but do no damage. You claw the ogre! You headbutt the ogre!
The ogre is severely wounded.
The ogre barely misses you.
You barely miss the ogre. You claw the ogre, but do no damage.
You punch the ogre, but do no damage.
The ogre is severely wounded.
Your transformation is almost over.
You barely miss the ogre.
The ogre is severely wounded.
The ogre closely misses you.
You hit the ogre but do no damage. You claw the ogre.
The ogre is severely wounded.
The ogre closely misses you.
You hit the ogre. You claw the ogre, but do no damage.
The ogre is almost dead.
Your magical contamination has completely faded away.
You hit the ogre but do no damage.
The ogre is almost dead.
The ogre hits you with a +0 giant club!!
Ouch! That really hurt!
You die...

#.# #. ...#.# #.#
#.#...#. #.# #.#.... #
#.# #.#...# #. #.#
#.#...# #..
#.######.#...# #...
#.##.........#
#....###.##.....<...###
#....O@................
#..).###.#..####†##.###
##.# #.##....#....# #
#.####....##.### #.#
##.##.......
#####.###..##..†#.#.
#.........###.^.....
#...##†########...#.#.
######.#######..#.....


You could see an ogre.

Vanquished Creatures
  A jelly (D:4)
  Jessica (D:3)
  An iguana (D:4)
  2 adders
  A worm (D:3)
  3 dart slugs
  5 orcs (D:3)
  6 ball pythons
  8 endoplasms
  3 giant cockroaches
  8 hobgoblins
  6 jackals
  10 kobolds
  5 quokkas
  9 bats
  3 frilled lizards (D:2)
  3 goblins
  2 rats
77 creatures vanquished.

Notes
Turn   | Place    | Note
-------+----------+-------------------------------------------
     0 | D:1      | shoop the Demigod Transmuter began the quest for the Orb.
     0 | D:1      | Reached XP level 1. HP: 15/15 MP: 5/5
   132 | D:1      | Reached skill level 1 in Fighting
   540 | D:1      | Reached XP level 2. HP: 22/23 MP: 5/7
   806 | D:1      | Reached skill level 3 in Unarmed Combat
  1299 | D:1      | Reached skill level 1 in Stealth
  1561 | D:2      | Reached XP level 3. HP: 15/28 MP: 8/8
  2118 | D:2      | Learned a level 3 spell: Spider Form
  2137 | D:2      | Learned a level 2 spell: Blink
  2601 | D:2      | Noticed an ogre
  2813 | D:3      | Reached XP level 4. HP: 30/35 MP: 7/9
  2984 | D:3      | Found Hareeriq's Weapon Shop.
  3224 | D:3      | Reached skill level 4 in Unarmed Combat
  3234 | D:3      | Noticed Grinder
  3240 | D:3      | Paralysed by Grinder for 4 turns
  3600 | D:3      | Reached skill level 1 in Poison Magic
  3622 | D:3      | Noticed Terence
  3649 | D:3      | Noticed Jessica
  3655 | D:3      | Killed Jessica
  4052 | D:4      | Reached XP level 5. HP: 35/40 MP: 8/10
  4243 | D:4      | Noticed an ogre
  4252 | D:4      | Slain by an ogre

Illustrated notes

Levels and vault maps discovered:
D:1:      dpeg_arrival_rooms_with_view, layout_basic, serial_park_tiny_pond
D:2:      layout_rooms, minmay_pentomino_t4, uniq_crazy_yiuf_cottage
D:3:      layout_basic, serial_shops, shop, basic_ecumenical_altar,
          uniq_jessica, uniq_grinder, uniq_terence
D:4:      layout_rooms, serial_glass, glass_columns_a, glass_columns_a,
          due_unseen_surprise

Skill      XL: |  1  2  3  4 |
---------------+-------------+-----
Fighting       | 1 |  1.0
Transmutations | 2 |  2.2
Dodging        | 2 |  2.0
Unarmed Combat | 3 4 |  4.6
Spellcasting   | 2 |  2.0
Stealth        | 1 |  1.5
Poison Magic   | 1 |  1.7

Action                   |  1- 3 |  4- 6 || total
-------------------------+-------+-------++-------
Melee: Unarmed           |   166 |    76 ||   242
       Kick              |    33 |    18 ||    51
       Headbutt          |    12 |    12 ||    24
       Punch             |       |     1 ||     1
 Cast: Beastly Appendage |    28 |    14 ||    42
  Use: Potion            |     2 |       ||     2
Armor: Robe              |    11 |       ||    11
       Leather armour    |    17 |       ||    17
       Ring mail         |     5 |    20 ||    25
Dodge: Dodged            |    83 |    26 ||   109

Table legend: (Time is in decaauts)
 A = Elapsed time spent in this place.
 B = Non-inter-level travel time spent in this place.
 C = Inter-level travel time spent in this place.
 D = Time resting spent in this place.
 E = Time spent auto-exploring this place.
 F = Levels seen in this place.
 G = Mean time per level.
                   A        B        C        D        E       F      G
               +--------+--------+--------+--------+--------+-----+--------+
         Total |   4239 |   4065 |    174 |    563 |   2906 |   4 | 1059.8 |
       Dungeon |   4239 |   4065 |    174 |    563 |   2906 |   4 | 1059.8 |
               +--------+--------+--------+--------+--------+-----+--------+

Top non-repeatable levels by time:
     D:1: 1428 daAuts
     D:2: 1427 daAuts
     D:3: 1174 daAuts
     D:4: 209 daAuts
